 Dungeon Crawl Stone Soup version 0.27.1-33-g824d729ab1 (webtiles) character file.

Game seed: 4387682756314684361

22 zeram the Poker (level 2, 0/24 HPs)
             Began as a Merfolk Fighter on Dec 11, 2021.
             Succumbed to a kobold's poison
             ... on level 1 of the Dungeon.
             The game lasted 00:01:02 (678 turns).

zeram the Poker (Merfolk Fighter)                    Turns: 678, Time: 00:01:03

Health: 0/24       AC:  6    Str: 16    XL:     2   Next: 91%
Magic:  2/2        EV: 11    Int:  7    God:
Gold:   39         SH:  9    Dex: 13    Spells: 1/1 levels left

rFire    . . .     SeeInvis .   a - +0 trident
rCold    . . .     Faith    .   c - +0 kite shield
rNeg     . . .     Spirit   .   b - +0 scale mail
rPois    .         Reflect  .   (no helmet)
rElec    .         Harm     .   (no cloak)
rCorr    .         Rampage  .   (no gloves)
Will     .....                  (no boots)
Stlth    ..........             (no amulet)
HPRegen  0.08/turn              i - +4 ring of evasion
MPRegen  0.08/turn              (no ring)

@: lethally poisoned (0 -> -4), on berserk cooldown, slowed, very slow
A: (nimble swimmer 2), mertail
a: no special abilities


You were on level 1 of the Dungeon.
You visited 1 branch of the dungeon, and saw 1 of its levels.

You collected 39 gold pieces.

Inventory:

Hand Weapons
 a - a +0 trident (weapon)
Armour
 b - a +0 scale mail (worn)
 c - a +0 kite shield (worn)
Jewellery
 i - a +4 ring of evasion (left hand)
Scrolls
 e - a scroll of identify {unknown}
 f - a scroll of enchant weapon {unknown}
 g - a scroll of magic mapping {unknown}
Potions
 d - a potion of might


   Skills:
 - Level 3.2 Fighting
 + Level 3.7 Polearms
 - Level 2.1 Armour
 + Level 0.8 Dodging
 + Level 3.6 Shields


You had one spell level left.
You didn't know any spells.
Your spell library was empty.

Dungeon Overview and Level Annotations

Branches:
Dungeon (1/15)

Altars:


Innate Abilities, Weirdness & Mutations

((You are quick and stealthy near water. (Stealth+, EV+, Speed+++)))
Your lower body shifts to a powerful aquatic tail in water.


Message History

You kill the jackal!
The jackal bites you but does no damage.
Your scale mail prevents you from hitting the jackal.
The jackal is almost dead.
You block the jackal's attack. x2
You hit the jackal.
You kill the jackal!
The kobold throws a stone.
The stone closely misses you.
The kobold hits you with a +1 dagger of venom.
* * * LOW HITPOINT WARNING * * *
You are lethally poisoned!
You see here a jackal corpse.
Found a metallic golden potion.
* * * LOW HITPOINT WARNING * * *
You feel very sick. The kobold barely misses you.
You see here a hobgoblin corpse.
You are too injured to fight recklessly!
It was a potion of berserk rage.
A red film seems to cover your vision as you go berserk!
You feel yourself moving faster!
You feel mighty!
* * * LOW HITPOINT WARNING * * *
You feel sick. The kobold hits you but does no damage.
You puncture the kobold!
You kill the kobold!
* * * LOW HITPOINT WARNING * * *
You feel sick.
* * * LOW HITPOINT WARNING * * *
You feel sick.
Things that are here:
a +1 dagger of venom; 4 stones; a kobold corpse You feel a strong urge to attack something.
* * * LOW HITPOINT WARNING * * *
You feel sick.
You see here a jackal corpse.
You see here a jackal corpse.
You feel your anger nearly subside.
You are no longer berserk.
You are exhausted.
You feel yourself slow down.
You die...

# #.#.###### #
#.#....### #
#.##.....# .
#.##.....# # #
#...)....#
.####.#†##...(.#
.......)†#..)..#
###.##.##†...###
#.#$@##.#
!#(##.#.# .##.
#..# .. . #.# ##
## .# #


There were no monsters in sight!

Vanquished Creatures
  A goblin (D:1)
  2 hobgoblins (D:1)
  4 jackals (D:1)
  3 ball pythons (D:1)
  2 bats (D:1)
  A frilled lizard (D:1)
  6 kobolds (D:1)
  3 rats (D:1)
22 creatures vanquished.

Notes
Turn   | Place    | Note
-------+----------+-------------------------------------------
     0 | D:1      | zeram the Merfolk Fighter began the quest for the Orb.
     0 | D:1      | Reached XP level 1. HP: 18/18 MP: 1/1
   475 | D:1      | Reached XP level 2. HP: 24/24 MP: 2/2
   678 | D:1      | Succumbed to a kobold's poison

Illustrated notes

Levels and vault maps discovered:
D:1:      dpeg_arrival_prison, layout_loops_ring, hangedman_decor_opposing,
          minmay_tromino_v7

Action                   || total
-------------------------++-------
Melee: Trident           ||    65
  Use: Potion            ||     1
Armor: Scale mail        ||    40
Dodge: Dodged            ||    47
Block: Kite shield       ||    50
